 Dungeon Crawl Stone Soup version 0.31-a0-662-g684573625c (webtiles) character file.

Game seed: 8412322317513712890

65 AdnanSaban the Trooper (level 4, -12/29 HPs)
             Began as a Gargoyle Fighter on Sept 1, 2023.
             Killed by divine providence
             ... invoked by an orc priest
              (14 damage)
             ... on level 3 of the Dungeon.
             The game lasted 00:01:32 (1848 turns).

AdnanSaban the Trooper (Gargoyle Fighter)           Turns: 1848, Time: 00:01:33

Health: -12/29     AC: 10    Str: 22    XL:     4   Next: 13%
Magic:  4/4        EV:  9    Int:  8    God:
Gold:   144        SH:  4    Dex:  9    Spells: 3/3 levels left

rFire   . . .        a - +0 flail
rCold   . . .        c - +0 buckler
rNeg    + . .        b - +0 scale mail
rPois   ∞            (no helmet)
rElec   +            (no cloak)
rCorr   .            (no gloves)
SInv    .            (no boots)
Will    .....        (no amulet) Stlth
                     (no ring)
HPRegen 0.24/turn    (no ring)
MPRegen 0.09/turn

%: no passive effects
@: no status effects
A: sickness immunity, AC +3, negative energy resistance 1, electricity
resistance, torment resistance 1, petrification resistance
a: no special abilities


You were on level 3 of the Dungeon.
You visited 1 branch of the dungeon, and saw 3 of its levels.

You collected 144 gold pieces.

Inventory:

Hand Weapons
 a - a +0 flail (weapon)
Missiles
 h - 6 poisoned darts
Armour
 b - a +0 scale mail (worn)
 c - a +0 buckler (worn)
Scrolls
 e - a scroll of noise {unknown}
 i - a scroll of identify {unknown}
 k - a scroll of teleportation {unknown}
 n - a scroll of vulnerability {unknown}
 p - a scroll of fear {unknown}
 q - a scroll of enchant weapon {unknown}
Potions
 d - a potion of might
 f - 2 potions of invisibility {unknown}
 g - a potion of attraction {unknown}
 j - 2 potions of curing {unknown}
 l - a potion of degeneration {unknown}
 m - a potion of berserk rage {unknown}
 o - a potion of heal wounds {unknown}
 r - a potion of enlightenment {unknown}


   Skills:
 + Level 3.8 Fighting
 + Level 3.2 Maces & Flails
 + Level 3.7 Armour
 + Level 0.1 Dodging
 + Level 0.3 Stealth
 + Level 3.5 Shields


You had 3 spell levels left.
You didn't know any spells.
Your spell library contained the following spells:

 Spells                   Type           Power      Damage    Failure   Level
 Necrotise                Necr           0%         1d4       80%         1
 Hailstorm                Conj/Ice       0%         3d3       99%         3
 Vampiric Draining        Necr           0%         2d6       99%         3
 Summon Ice Beast         Ice/Summ       0%         N/A       100%        4
 Agony                    Necr           0%         N/A       100%        5
 Simulacrum               Ice/Necr       0%         N/A       100%        6


Dungeon Overview and Level Annotations

Branches:
Dungeon (3/15)

Altars:
Vehumet

Annotations:
D:2 1 runed translucent door, Crazy Yiuf


Innate Abilities, Weirdness & Mutations

You are immune to sickness and miasma.
Your stone body is resilient. (AC +3)
You are immune to poison.
You resist negative energy. (rN+)
You are resistant to electric shocks. (rElec)
You are resistant to unholy torment.
You are immune to petrification.


Message History

You are frozen.
The endoplasm attacks as it pursues you!
The endoplasm barely misses you.
You sock the endoplasm!
You kill the endoplasm!
The orc wizard casts a spell.
The orc wizard flickers and vanishes!
Deactivating autopickup; reactivate with Ctrl-A.
You closely miss the orc.
An orc priest comes into view. It is wielding a +0 club.
You miss something. The orc hits you with a +0 hand axe.
* * * LOW HITPOINT WARNING * * *
You hear some strange, mumbled words.
You are confused.
You bump into the rock wall.
The orc hits you but does no damage. Something hits you but does no damage.
You barely miss something.
The orc priest looks braver for a moment.
The orc barely misses you. Something hits you but does no damage.
You bump into the rock wall.
The orc barely misses you. Something hits you but does no damage.
You bump into the rock wall.
The orc hits you with a +0 hand axe.
* * * LOW HITPOINT WARNING * * *
Something hits you but does no damage.
You're too confused to move!
The orc hits you but does no damage. Something hits you but does no damage.
You closely miss the orc. The orc hits you but does no damage.
Something hits you but does no damage. The orc misses you.
Something hits you but does no damage.
You miss something.
You feel less confused.
The orc priest miscasts a cantrip.
The orc closely misses you. Something hits you but does no damage.
You miss something. The orc closely misses you.
Something hits you but does no damage. x2; The orc hits you with a +0 hand axe.
* * * LOW HITPOINT WARNING * * *
You hit something.
The orc priest calls down the wrath of Beogh upon you.
Beogh smites you!
You die...

#. #.. ..## #.#
## #... #.##..
#.#.###....
#........#
#.....# #!.(#
###o..###
#o{@#...#####
#..)###.....[.#
##### #..##
##.####†####....
#.
#...##......###
#. #.......#####
.. ######.....#
. ####..####
#..).....
######........


You could see an orc priest and an orc.

Vanquished Creatures
  2 dart slugs
  2 orcs (D:3)
  5 ball pythons
  7 endoplasms
  3 giant cockroaches
  8 goblins
  3 hobgoblins
  5 quokkas (D:1)
  4 bats
  4 frilled lizards
  7 kobolds
  3 rats
53 creatures vanquished.

Notes
Turn   | Place    | Note
-------+----------+-------------------------------------------
     0 | D:1      | AdnanSaban the Gargoyle Fighter began the quest for the
                  | Orb.
     0 | D:1      | Reached XP level 1. HP: 14/14 MP: 1/1
   130 | D:1      | Reached XP level 2. HP: 14/19 MP: 2/2
   610 | D:1      | Reached XP level 3. HP: 20/23 MP: 3/3
  1225 | D:2      | Found a radiant altar of Vehumet.
  1552 | D:2      | Found a runed translucent door.
  1553 | D:2      | Noticed Crazy Yiuf
  1719 | D:3      | Reached XP level 4. HP: 29/29 MP: 4/4
  1847 | D:3      | HP: 1/29 [orc/+0 hand axe (4)]
  1848 | D:3      | Killed from afar by an orc priest

Illustrated notes

Levels and vault maps discovered:
D:1:      amcnicky_arrival_single_pillar, layout_basic, minmay_tetromino_s2
D:2:      layout_loops_ring, basic_altar, dreamdust_wishing_well,
          serial_bayou_pond_b, uniq_crazy_yiuf_cottage
D:3:      layout_rooms, grunt_ministairs_12, serial_park_tiny_1

Skill      XL: |  1  2  3 |
---------------+----------+-----
Maces & Flails | 3 |  3.2
Fighting       | |  3.8
Armour         | |  3.7
Dodging        | |  0.1
Stealth        | |  0.3
Shields        | |  3.5

Action                     |  1- 3 |  4- 6 || total
---------------------------+-------+-------++-------
  Melee: Flail             |   180 |    21 ||   201
 Armour: Scale mail        |   126 |    26 ||   152
  Dodge: Dodged            |    95 |    10 ||   105
  Block: Buckler           |    38 |     1 ||    39

Table legend: (Time is in decaauts)
 A = Elapsed time spent in this place.
 B = Non-inter-level travel time spent in this place.
 C = Inter-level travel time spent in this place.
 D = Time resting spent in this place.
 E = Time spent auto-exploring this place.
 F = Levels seen in this place.
 G = Mean time per level.
                   A        B        C        D        E       F      G
               +--------+--------+--------+--------+--------+-----+--------+
         Total |   1908 |   1784 |    124 |      0 |   1339 |   3 |  636.0 |
       Dungeon |   1908 |   1784 |    124 |      0 |   1339 |   3 |  636.0 |
               +--------+--------+--------+--------+--------+-----+--------+

Top non-repeatable levels by time:
     D:1: 981 daAuts
     D:2: 785 daAuts
     D:3: 140 daAuts
